A- EAST
AUGUSTA GREENJACKETS @ CHARLESTON RIVERDOGS
04/16/2042
 
TOP OF THE 1ST
Augusta GreenJackets batting - Pitching for Charleston RiverDogs : RHP Derrek Tidwell
Pitching: RHP Derrek Tidwell
Batting: RHB José Cabrera 0-0: Ball
1-0: Called Strike
1-1: Called Strike
1-2: Strikes out swinging
Batting: RHB Sam Nicholas 0-0: Ball
1-0: Ball
2-0: Fly out, F6 (Line Drive, 6, EV 61.3 MPH)
Batting: LHB David Cruz 0-0: Foul Ball, location: 3FF
0-1: Ball
1-1: Swinging Strike
1-2: Strikes out swinging
Top of the 1st over - 0 runs, 0 hits, 0 errors, 0 left on base; Augusta 0 - Charleston 0
BOTTOM OF THE 1ST
Charleston RiverDogs batting - Pitching for Augusta GreenJackets : RHP Julius Martin
Pitching: RHP Julius Martin
Batting: RHB Miguel Cabrera Jr. 0-0: Foul Ball, location: 2F
0-1: Ball
1-1: Fly out, F5 (Popup, 5, EV 63.8 MPH)
Batting: LHB Joey Wright 0-0: Called Strike
0-1: Called Strike
0-2: Ball
1-2: Ball
2-2: Foul Ball, location: 25F
2-2: Ground out 6-3 (Groundball, 6M, EV 81.3 MPH)
Batting: LHB Jerry Thomas 0-0: Fly out, F6 (Popup, 6MS, EV 69.4 MPH)
Bottom of the 1st over - 0 runs, 0 hits, 0 errors, 0 left on base; Augusta 0 - Charleston 0
TOP OF THE 2ND
Augusta GreenJackets batting - Pitching for Charleston RiverDogs : RHP Derrek Tidwell
Batting: RHB José García 0-0: Swinging Strike
0-1: Ball
1-1: Foul Ball, location: 9LSF
1-2: Ball
2-2: Ball
3-2: Base on Balls
Batting: LHB José Sullivan 0-0: Ball
1-0: Ball
2-0: Swinging Strike
2-1: SINGLE (Groundball, 15S, EV 70.0 MPH) (infield hit)
José García to second
Batting: RHB Steve Mason 0-0: Bunted foul
0-1: Sac Bunt to 2R - play at third, runner OUT! 2-5
José Sullivan to second
Batting: SHB Phil Román 0-0: SINGLE (Groundball, 5S, EV 75.0 MPH) (infield hit)
José Sullivan to third
Steve Mason to second
Batting: RHB Dylan Younger 0-0: Called Strike
0-1: Ball
1-1: Swinging Strike
1-2: Ball
2-2: Grounds into double play, 4-6-3 (Groundball, 4, EV 85.0 MPH)
Top of the 2nd over - 0 runs, 2 hits, 0 errors, 2 left on base; Augusta 0 - Charleston 0
BOTTOM OF THE 2ND
Charleston RiverDogs batting - Pitching for Augusta GreenJackets : RHP Julius Martin
Batting: RHB David Moreno 0-0: Ground out U3 (Groundball, 34, EV 82.5 MPH)
Batting: LHB Ippolito Palermo 0-0: Ball
1-0: Swinging Strike
1-1: Ball
2-1: Called Strike
2-2: Fly out, F7 (Flyball, 7D, EV 96.3 MPH)
Batting: RHB Jesús Ramos 0-0: Ball
1-0: Called Strike
1-1: Ball
2-1: Called Strike
2-2: Strikes out swinging
Bottom of the 2nd over - 0 runs, 0 hits, 0 errors, 0 left on base; Augusta 0 - Charleston 0
TOP OF THE 3RD
Augusta GreenJackets batting - Pitching for Charleston RiverDogs : RHP Derrek Tidwell
Batting: RHB Jesús Gonzáles 0-0: Called Strike
0-1: Ball
1-1: Ball
2-1: Ball
3-1: Called Strike
3-2: Strikes out looking
Batting: RHB José Cabrera 0-0: Swinging Strike
0-1: Ball
1-1: Ball
2-1: Foul Ball, location: 2F
2-2: Foul Ball, location: 2F
2-2: Ground out 5-3 (Groundball, 56, EV 88.1 MPH)
Batting: RHB Sam Nicholas 0-0: Ball
1-0: Fly out, F8 (Flyball, 8LM, EV 92.5 MPH)
Top of the 3rd over - 0 runs, 0 hits, 0 errors, 0 left on base; Augusta 0 - Charleston 0
BOTTOM OF THE 3RD
Charleston RiverDogs batting - Pitching for Augusta GreenJackets : RHP Julius Martin
Batting: SHB Dan Blake 0-0: SINGLE (Groundball, 3, EV 84.4 MPH)
Batting: RHB Dave Miles 0-0: Ball
1-0: Ball
2-0: Sac Bunt to 15S - play at first, batter OUT! 1-3
Dan Blake to second
Batting: LHB Adrián Valdéz 0-0: Foul Ball, location: 7LDF
0-1: Swinging Strike
Passed Ball!
Dan Blake to third
0-2: Strikes out swinging
Batting: RHB Miguel Cabrera Jr. 0-0: Called Strike
0-1: Swinging Strike
0-2: Hit by Pitch
Batting: LHB Joey Wright 0-0: Ball
1-0: Ball
2-0: Ball
3-0: Called Strike
3-1: Base on Balls
Miguel Cabrera Jr. to second
Batting: LHB Jerry Thomas 0-0: Ball
1-0: Swinging Strike
1-1: Ground out 3-1 (Groundball, 34, EV 87.5 MPH)
Bottom of the 3rd over - 0 runs, 1 hit, 0 errors, 3 left on base; Augusta 0 - Charleston 0
TOP OF THE 4TH
Augusta GreenJackets batting - Pitching for Charleston RiverDogs : RHP Derrek Tidwell
Batting: LHB David Cruz 0-0: Ball
1-0: Called Strike
1-1: Called Strike
1-2: Strikes out swinging
Batting: RHB José García 0-0: Ball
1-0: Ball
2-0: Ball
3-0: Called Strike
3-1: Foul Ball, location: 3DF
3-2: Foul Ball, location: 2F
3-2: Foul Ball, location: 3F
3-2: Strikes out looking
Batting: LHB José Sullivan 0-0: SINGLE (Groundball, 34S, EV 69.4 MPH) (infield hit)
Batting: RHB Steve Mason 0-0: Ball
1-0: Ball
2-0: Fly out, F7 (Line Drive, 7, EV 86.3 MPH)
Top of the 4th over - 0 runs, 1 hit, 0 errors, 1 left on base; Augusta 0 - Charleston 0
BOTTOM OF THE 4TH
Charleston RiverDogs batting - Pitching for Augusta GreenJackets : RHP Julius Martin
Batting: RHB David Moreno 0-0: Called Strike
0-1: Foul Ball, location: 25FF
0-2: Strikes out swinging, 2-3 out at first.
Batting: LHB Ippolito Palermo 0-0: Called Strike
0-1: Ball
1-1: Ball
2-1: SINGLE (Line Drive, 56D, EV 103.8 MPH)
Batting: RHB Jesús Ramos 0-0: Foul Ball, location: 2LF
0-1: Ball
1-1: SINGLE (Line Drive, 4MD, EV 99.4 MPH)
Ippolito Palermo to second
Runner from 2nd tries for 3rd, SAFE, throw by CF made to third
Batting: SHB Dan Blake 0-0: Ball
Jesús Ramos steals 2nd base
1-0: Swinging Strike
1-1: Ball
2-1: Foul Ball, location: 7LSF
2-2: Strikes out swinging
Batting: RHB Dave Miles 0-0: Ball
Passed Ball!
Ippolito Palermo scores
Jesús Ramos to third
1-0: Foul Ball, location: 5DF
1-1: Foul Ball, location: 25FF
1-2: Foul Ball, location: 9LDF
1-2: Ball
2-2: Strikes out looking
Bottom of the 4th over - 1 run, 2 hits, 0 errors, 1 left on base; Augusta 0 - Charleston 1
TOP OF THE 5TH
Augusta GreenJackets batting - Pitching for Charleston RiverDogs : RHP Derrek Tidwell
Batting: SHB Phil Román 0-0: Ball
1-0: Fly out, F8 (Flyball, 78M, EV 77.5 MPH)
Batting: RHB Dylan Younger 0-0: Called Strike
0-1: Ball
1-1: Ball
2-1: Ball
3-1: Called Strike
3-2: Fly out, F2 (Popup, 25F, EV 80.6 MPH)
Batting: RHB Jesús Gonzáles 0-0: Ball
1-0: Called Strike
1-1: Fly out, F7 (Flyball, 78M, EV 93.8 MPH)
Top of the 5th over - 0 runs, 0 hits, 0 errors, 0 left on base; Augusta 0 - Charleston 1
BOTTOM OF THE 5TH
Charleston RiverDogs batting - Pitching for Augusta GreenJackets : RHP Julius Martin
Batting: LHB Adrián Valdéz 0-0: Ball
1-0: Foul Ball, location: 7LMF
1-1: Swinging Strike
1-2: Ball
2-2: Ground out U3 (Groundball, 3, EV 103.1 MPH)
Batting: RHB Miguel Cabrera Jr. 0-0: Called Strike
0-1: Ball
1-1: Ball
2-1: Called Strike
2-2: SINGLE (Groundball, 34S, EV 73.8 MPH) (infield hit)
Batting: LHB Joey Wright 0-0: Ball
Miguel Cabrera Jr. steals 2nd base (no throw)
1-0: Fly out, F7 (Flyball, 78S, EV 85.6 MPH)
Batting: LHB Jerry Thomas 0-0: Swinging Strike
0-1: Foul Ball, location: 2F
0-2: Fly out, F7 (Flyball, 78S, EV 86.9 MPH)
Bottom of the 5th over - 0 runs, 1 hit, 0 errors, 1 left on base; Augusta 0 - Charleston 1
TOP OF THE 6TH
Augusta GreenJackets batting - Pitching for Charleston RiverDogs : RHP Derrek Tidwell
Batting: RHB José Cabrera 0-0: Swinging Strike
0-1: Swinging Strike
0-2: Foul Ball, location: 2F
0-2: Ball
1-2: Foul Ball, location: 5F
1-2: Foul Ball, location: 5FF
1-2: Strikes out looking
Batting: RHB Sam Nicholas 0-0: Ground out 3-1 (Groundball, 34S, EV 80.6 MPH)
Batting: LHB David Cruz 0-0: Called Strike
0-1: Ball
1-1: Ball
2-1: Ball
3-1: Base on Balls
Batting: RHB José García 0-0: Ball
David Cruz is caught stealing 2nd base 2-4
Top of the 6th over - 0 runs, 0 hits, 0 errors, 0 left on base; Augusta 0 - Charleston 1
BOTTOM OF THE 6TH
Charleston RiverDogs batting - Pitching for Augusta GreenJackets : RHP Julius Martin
Batting: RHB David Moreno 0-0: Ball
1-0: Ball
2-0: SINGLE (Groundball, 34, EV 105.6 MPH)
Batting: LHB Ippolito Palermo 0-0: Swinging Strike
0-1: Ball
1-1: Foul Ball, location: 7LSF
1-2: Strikes out looking
Batting: RHB Jesús Ramos 0-0: Ball
1-0: Ground out 4-3 (Groundball, 34, EV 79.4 MPH)
David Moreno to second
Pitching: RHP Miguel Angel Duarte
Batting: SHB Dan Blake 0-0: Hit by Pitch
Batting: RHB Dave Miles 0-0: Called Strike
0-1: SINGLE (Groundball, 6, EV 103.8 MPH) (infield hit)
David Moreno to third
Dan Blake to second
Batting: LHB Adrián Valdéz 0-0: Ball
1-0: Fly out, F7 (Flyball, 7LM, EV 90.6 MPH)
Bottom of the 6th over - 0 runs, 2 hits, 0 errors, 3 left on base; Augusta 0 - Charleston 1
TOP OF THE 7TH
Augusta GreenJackets batting - Pitching for Charleston RiverDogs : RHP Derrek Tidwell
Pinch Hitting: LHB Jeff Cantrell 0-0: Foul Ball, location: 2RF
0-1: Foul Ball, location: 23F
0-2: Ball
1-2: Ball
2-2: Ground out U3 (Groundball, 3, EV 81.9 MPH)
Batting: LHB José Sullivan 0-0: Ball
1-0: Called Strike
1-1: Ball
2-1: Foul Ball, location: 9LDF
2-2: Ball
3-2: Foul Ball, location: 7LMF
3-2: Strikes out swinging
Pinch Hitting: LHB Orlando Santana 0-0: Fly out, F7 (Flyball, 7, EV 79.4 MPH)
Top of the 7th over - 0 runs, 0 hits, 0 errors, 0 left on base; Augusta 0 - Charleston 1
BOTTOM OF THE 7TH
Charleston RiverDogs batting - Pitching for Augusta GreenJackets : RHP Miguel Angel Duarte
Now at 1B: Myron Hill
Now in RF: Ed Randolph
Batting: RHB Miguel Cabrera Jr. 0-0: Ball
1-0: Ball
2-0: Ball
3-0: Base on Balls
Batting: LHB Joey Wright 0-0: Ball
1-0: Called Strike
Miguel Cabrera Jr. steals 2nd base
1-1: Ball
2-1: Foul Ball, location: 7LMFF
2-2: Fly out, F8 (Flyball, 78M, EV 86.9 MPH)
Pitching: LHP Tim Williams
Batting: LHB Jerry Thomas 0-0: Called Strike
0-1: Ball
1-1: Fly out, F6 (Popup, 6, EV 63.1 MPH)
Pitching: RHP Kevin Hamilton
Batting: RHB David Moreno 0-0: Ball
1-0: Foul Ball, location: 2F
1-1: Ball
2-1: Fly out, F7 (Line Drive, 7S, EV 87.5 MPH)
Bottom of the 7th over - 0 runs, 0 hits, 0 errors, 1 left on base; Augusta 0 - Charleston 1
TOP OF THE 8TH
Augusta GreenJackets batting - Pitching for Charleston RiverDogs : RHP Derrek Tidwell
Pitching: RHP Dorian Thomas
Batting: SHB Phil Román 0-0: Ground out U3 (Groundball, 3, EV 84.4 MPH)
Batting: RHB Dylan Younger 0-0: Ball
1-0: Foul Ball, location: 3SF
1-1: Ground out 4-3 (Groundball, 4, EV 85.6 MPH)
Batting: RHB Jesús Gonzáles 0-0: Foul Ball, location: 7LDF
0-1: Ball
1-1: SINGLE (Line Drive, 9LS, EV 103.8 MPH)
Batting: RHB José Cabrera 0-0: Ground out 4-3 (Groundball, 4D, EV 95.0 MPH)
Top of the 8th over - 0 runs, 1 hit, 0 errors, 1 left on base; Augusta 0 - Charleston 1
BOTTOM OF THE 8TH
Charleston RiverDogs batting - Pitching for Augusta GreenJackets : RHP Kevin Hamilton
Batting: LHB Ippolito Palermo 0-0: Ball
1-0: Ball
2-0: Ball
3-0: Called Strike
3-1: Ground out 4-3 (Groundball, 34, EV 88.1 MPH)
Batting: RHB Jesús Ramos 0-0: Called Strike
0-1: Called Strike
0-2: Ball
1-2: Ball
2-2: Foul Ball, location: 9LSF
2-2: Ball
3-2: SINGLE (Line Drive, 89S, EV 105.0 MPH)
Batting: SHB Dan Blake 0-0: Ball
1-0: Fly out, F7 (Flyball, 7, EV 95.0 MPH)
Batting: RHB Dave Miles 0-0: Foul Ball, location: 3F
0-1: Ball
1-1: Ball
2-1: SINGLE (Groundball, 34, EV 103.1 MPH) (infield hit)
Jesús Ramos to second
Batting: LHB Adrián Valdéz 0-0: Called Strike
0-1: Foul Ball, location: 7LMF
0-2: Ball
Wild Pitch!
Jesús Ramos to third
Dave Miles to second
1-2: Fly out, F7 (Flyball, 78M, EV 91.9 MPH)
Bottom of the 8th over - 0 runs, 2 hits, 0 errors, 2 left on base; Augusta 0 - Charleston 1
TOP OF THE 9TH
Augusta GreenJackets batting - Pitching for Charleston RiverDogs : RHP Dorian Thomas
Now at C: Mauro Chicas
Now at 1B: Chris Mercer
Now at 2B: Tommy Meacham
Now at 3B: David Moreno
Now in LF: Adrián Valdéz
Now in CF: Dave Miles
Pinch Hitting: LHB Raúl Flores 0-0: Ball
1-0: Called Strike
1-1: Ball
2-1: Swinging Strike
2-2: SINGLE (Line Drive, 8LS, EV 110.6 MPH)
Batting: LHB David Cruz 0-0: Ball
1-0: DOUBLE (Flyball, 8LXD, EV 92.5 MPH)
Raúl Flores to third
Batting: RHB Myron Hill 0-0: Called Strike
0-1: DOUBLE (Line Drive, 89D, EV 96.3 MPH)
Raúl Flores scores
David Cruz scores
Batting: LHB José Sullivan 0-0: Intentional Walk
Batting: RHB Ed Randolph 0-0: Foul Ball, location: 9LMF
0-1: Called Strike
0-2: Ball
1-2: Ball
2-2: Grounds into double play, 6-4-3 (Groundball, 6, EV 108.1 MPH)
Myron Hill to third
Batting: SHB Phil Román 0-0: Swinging Strike
0-1: Ball
1-1: Foul Ball, location: 2F
1-2: Ball
2-2: Fly out, F8 (Flyball, 8RM, EV 110.6 MPH)
Top of the 9th over - 2 runs, 3 hits, 0 errors, 1 left on base; Augusta 2 - Charleston 1
BOTTOM OF THE 9TH
Charleston RiverDogs batting - Pitching for Augusta GreenJackets : RHP Kevin Hamilton
Pitching: LHP Jesús Hernández
Now at 3B: Raúl Flores
Now at SS: José Cabrera
Batting: RHB Chris Mercer 0-0: Called Strike
0-1: Foul Ball, location: 2F
0-2: Foul Ball, location: 2F
0-2: Ball
1-2: SINGLE (Groundball, 56S, EV 73.8 MPH) (infield hit)
Pinch Hitting: RHB Tyrone Sullivan 0-0: Called Strike
0-1: Grounds into double play, 4-6-3 (Groundball, 34, EV 84.4 MPH)
Batting: LHB Jerry Thomas 0-0: Ball
1-0: Fly out, F8 (Flyball, 8LD, EV 82.5 MPH)
Bottom of the 9th over - 0 runs, 1 hit, 0 errors, 0 left on base; Augusta 2 - Charleston 1
Monday, May 6th , 2024 - OOTP Baseball 24.10 Build 82